 Dungeon Crawl Stone Soup version 0.24.0-125-gc4c63601f3 (webtiles) character file.

Game seed: 4522775880665750391, levelgen mode: deterministic

191 Mrkan the Ruffian (level 5, 0/53 HPs)
             Began as a Troll Fighter on Feb 23, 2020.
             Was an Initiate of Makhleb.
             Slain by a killer bee (1 damage)
             ... on level 4 of the Dungeon.
             The game lasted 00:02:53 (2099 turns).

Mrkan the Ruffian (Troll Fighter)                   Turns: 2099, Time: 00:02:53

Health: 0/53       AC:  7    Str: 25    XL:     5   Next: 42%
Magic:  4/4        EV:  8    Int:  4    God:    Makhleb [......]
Gold:   161        SH:  8    Dex:  9    Spells: 4/4 levels left

rFire    . . .     SeeInvis .     - Unarmed
rCold    . . .     Gourm    +   b - +0 shield
rNeg     . . .     Faith    .   a - +0 robe
rPois    .         Spirit   .   (helmet restricted)
rElec    .         Reflect  .   y - +0 cloak
rCorr    .         Harm     .   (gloves unavailable)
MR       .....                  (boots unavailable)
Stlth    +.........             (no amulet)
HPRegen  0.57/turn              (no ring)
MPRegen  0.09/turn              (no ring)

@: lethally poisoned (0 -> -8), invisible
A: large, unfitting armour, claws 3, fast metabolism 3, gourmand, regeneration
1, shaggy fur 1, tough skin 3
a: Renounce Religion


You were on level 4 of the Dungeon.
You worshipped Makhleb.
Makhleb was noncommittal.
You were hungry.

You visited 1 branch of the dungeon, and saw 4 of its levels.

You collected 161 gold pieces.

Inventory:

Armour
 a - a +0 robe (worn)
 b - a +0 shield (worn)
 y - a +0 cloak (worn)
Jewellery
 s - a +1 ring of evasion {unknown}
Wands
 w - a wand of polymorph (13)
Scrolls
 f - 5 scrolls of teleportation {unknown}
 g - 2 scrolls of identify {unknown}
 h - 2 scrolls of magic mapping {unknown}
 j - 2 scrolls of noise {unknown}
 l - 2 scrolls of enchant weapon {unknown}
 p - 3 scrolls of enchant armour {unknown}
 q - a scroll of amnesia {unknown}
 r - 2 scrolls of blinking {unknown}
 u - a scroll of remove curse {unknown}
Potions
 c - a potion of might
 e - a potion of curing {unknown}
 i - a potion of agility {unknown}
 k - 2 potions of ambrosia {unknown}
 m - 2 potions of haste {unknown}
 n - a potion of berserk rage {unknown}
 o - 2 potions of brilliance {unknown}
 t - a potion of invisibility
 v - a potion of magic {unknown}
Comestibles
 d - 8 rations


   Skills:
 + Level 3.5 Fighting
 - Level 2.4 Dodging
 - Level 2.4 Shields
 * Level 4.8 Unarmed Combat


You had 4 spell levels left.
You didn't know any spells.
Your spell library was empty.

Dungeon Overview and Level Annotations

Branches:
Dungeon (4/15)
 Temple: D:4-7

Altars:
Ashenzari
Hepliaklqana
Makhleb
Nemelex Xobeh
Sif Muna


Innate Abilities, Weirdness & Mutations

You are too large for most types of armour.
You have claws for hands.
Your metabolism is lightning-fast.
You like to eat raw meat.
Your natural rate of healing is unusually fast.
You are covered in fur. (AC +1)
You have extremely tough skin. (AC +3)


Message History

You miss the killer bee.
You feel sick. The killer bee stings you.
* * * LOW HITPOINT WARNING * * *
The killer bee stings you but does no damage.
You claw the killer bee!
The killer bee is almost dead.
You feel sick. The killer bee stings you.
* * * LOW HITPOINT WARNING * * *
The killer bee closely misses you. x2
You claw the killer bee!
You kill the killer bee!
Makhleb accepts your kill.
You feel sick. The killer bee stings you.
* * * LOW HITPOINT WARNING * * *
You are more poisoned.
The killer bee poisons you!
It was a potion of invisibility.
You fade into invisibility!
* * * LOW HITPOINT WARNING * * *
You feel sick. The killer bee stings you.
You die...

#.# #.# #.# #.#
#.# #
...#####.##.#
#.....<.<..#
#..#.#####.####
#.....@yy..#
....#.#####.# #
#.......#
#.........#
#.#####.#y#
#.#... #.# ###
#.# #.#


You could see 2 killer bees.

Vanquished Creatures
  2 killer bees (D:4)
  3 adders
  2 oozes
  2 worms
  3 leopard geckos
  3 orcs (D:3)
  A ball python (D:2)
  4 bats
  10 hobgoblins
  2 quokkas
  9 frilled lizards
  4 goblins
  6 kobolds
  11 rats
62 creatures vanquished.

Notes
Turn   | Place    | Note
-------+----------+-------------------------------------------
     0 | D:1      | Mrkan the Troll Fighter began the quest for the Orb.
     0 | D:1      | Reached XP level 1. HP: 22/22 MP: 0/0
   103 | D:1      | Reached XP level 2. HP: 29/29 MP: 1/1
   289 | D:1      | Reached skill level 3 in Unarmed Combat
   756 | D:2      | Reached XP level 3. HP: 36/36 MP: 2/2
  1141 | D:2      | Found a shattered altar of Ashenzari.
  1141 | D:2      | Found a burning altar of Makhleb.
  1146 | D:2      | Found a shimmering blue altar of Sif Muna.
  1149 | D:2      | Found a sparkling altar of Nemelex Xobeh.
  1151 | D:2      | Found a hazy altar of Hepliaklqana.
  1161 | D:2      | Became a worshipper of Makhleb the Destroyer
  1501 | D:3      | Reached XP level 4. HP: 45/45 MP: 3/3
  1767 | D:3      | Reached skill level 4 in Unarmed Combat
  2090 | D:4      | Reached XP level 5. HP: 41/53 MP: 4/4
  2098 | D:4      | HP: 2/53 [killer bee (2)]
  2099 | D:4      | Slain by a killer bee

Levels and vault maps discovered:
D:1:      lightli_molten_gateway, layout_loops_ring
D:2:      kennysheep_big_flooded_room, layout_loops_ring,
          chequers_temple_overflow_minitemple
D:3:      layout_basic, minivault_4
D:4:      layout_loops_ring, cheibrodos_sewer_entry_sluice,
          grunt_ashenzari_visionary [grunt_ashenzari_visionary_shoals,
          grunt_ashenzari_visionary_spider], uniq_ijyb

Skill      XL: |  1  2  3  4 |
---------------+-------------+-----
Unarmed Combat | 3 4 |  4.8
Fighting       | 3 |  3.5
Dodging        | |  2.4
Shields        | |  2.4

Action                   |  1- 3 |  4- 6 || total
-------------------------+-------+-------++-------
Melee: Unarmed           |   136 |    46 ||   182
  Use: Potion            |       |     1 ||     1
 Stab: Sleeping          |     1 |       ||     1
  Eat: Chunk             |    10 |     6 ||    16
Armor: Robe              |    29 |     9 ||    38
Dodge: Dodged            |    36 |    16 ||    52
Block: Shield            |    68 |    14 ||    82
